[Event "Dutch Internet Championship Final"]
[Site "playchess.com #038132"]
[Date "2011.06.18"]
[Round "1.4"]
[White "Reinderman"]
[Black "Zgorl"]
[Result "1-0"]
[ECO "A29"]
[WhiteElo "2486"]
[BlackElo "2466"]
[PlyCount "69"]
[EventDate "2011.06.18"]
[EventType "match (blitz)"]
[TimeControl "180+3"]

1. c4 e5 2. Nc3 Nf6 3. Nf3 Nc6 4. g3 Bb4 5. Bg2 O-O 6. Nd5 Bc5 7. O-O Re8 8. e3 a6 9. d4 Ba7 10. Nxf6+ Qxf6 11. d5 Ne7 12. e4 d6 13.
h3 c6 14. Kh2 h6 15. Ne1 cxd5 16. cxd5 Bd7 17. Nd3 Bb5 18. a4 Bxd3 19. Qxd3 Ng6 20. Bd2 Bd4 21. Rab1 Rec8 22. h4 Qd8 23. Bh3 Rc7 24. Ba5 b6 25. Bc3 Bxc3 26. bxc3 Rc5 27. Rb3 Qc7 28. Rfb1 Nf8 29. Rxb6 Rxc3 30. Qf1 Rc2 31. Kg1 Rc4 32. R6b4 Rxb4 33. Rxb4 Qa5 34. Qc4 Nh7 35. Bd7 {[%emt 0:00:17] Reinderman claims flag (automatic).  (Lag: Av=0.
29s, max=2.1s)} 1-0

[Event "Dutch Internet Championship Final"]
[Site "playchess.com #038132"]
[Date "2011.06.18"]
[Round "1.1"]
[White "kingloek"]
[Black "Snorrebaard"]
[Result "1-0"]
[ECO "E97"]
[WhiteElo "2907"]
[BlackElo "1855"]
[PlyCount "41"]
[EventDate "2011.06.18"]
[EventType "match (blitz)"]
[TimeControl "180+3"]

1. d4 d6 2. Nf3 g6 3. c4 Bg7 4. e4 Nf6 5. Nc3 O-O 6. Be2 e5 7. O-O Nc6 8. d5 Ne7 9. b4 Nh5 10. g3 Bh3 11. Re1 f5 12. Ng5 Bg4 13. f3 Qd7 14. fxg4 Nf6 15.
gxf5 gxf5 16. Ne6 Rf7 17. Rf1 Nxe4 18. Nxe4 fxe4 19. Rxf7 Kxf7 20. Bg4 h5 21. Ng5+ {[%emt 0:00:03]
Snorrebaard resigns  (Lag: Av=0.46s, max=1.2s)} 1-0

[Event "Dutch Internet Championship Final"]
[Site "playchess.com #038132"]
[Date "2011.06.18"]
[Round "1.1"]
[White "Jan Smeets"]
[Black "Bolwerk"]
[Result "1-0"]
[ECO "B42"]
[WhiteElo "2844"]
[BlackElo "2281"]
[PlyCount "135"]
[EventDate "2011.06.18"]
[EventType "match (blitz)"]
[TimeControl "180+3"]

1. e4 c5 2. Nf3 e6 3. d4 cxd4 4. Nxd4 a6 5. Bd3 Nf6 6. c4 Qc7 7. O-O d6 8.
Nc3 g6 9. Be3 Bg7 10. Rc1 Nbd7 11. b3 O-O 12. Qe2 b6 13. Rfd1 Bb7 14. f3 Rfd8 15. Qf2 Rab8 16. Bf1 Ba8 17. Kh1 Bf8 18. Bg5 Bg7 19. Qh4 Re8 20. Bh6 Bh8 21. Qg3 Ne5 22. a4 Red8 23. Nde2 Ned7 24. Qxd6 Qxd6 25. Rxd6 Nc5 26. Rxd8+ Rxd8 27. Rb1 Rd3 28. b4 Ncd7 29. Rd1 Ne5 30.
Rxd3 Nxd3 31. Na2 Nd7 32. Be3 f5 33. exf5 exf5 34. Kg1 Bf6 35.
Bd4 Be7 36. Bc3 a5 {[%emt 0:
00:55] '} 37. bxa5 bxa5 38. Nd4 Nb4 39. Nxb4 axb4 40.
Ba1 Bc5 41. Kf2 Ne5 42. Ke1 Nd7 43. a5 Bb7 44. Kd2 Ba6 45. Nb3 Bg1 46. h3 Nb8 47. Bd3 Nc6 48. c5 Bb7 49. a6 Ba8 50. Bc4+ Kf8 51. Kd3 Ke7 52. Bb2 g5 53. Bb5 f4 54. Kc4 h5 55. Bxc6 Bxc6 56. Bd4 Bh2 57.
Na5 Ba8 58. Kxb4 Kf7 59. c6 Ke6 60. Kb5 Kd6 61. Nb7+ Kc7 62. Be5+ Kc8 63. Bd4 g4 64. hxg4 hxg4 65. fxg4 f3 66. gxf3 Bf4 67. Bb6 Bg5 68. Nd6+ {[%emt 0:00:03] Bolwerk geeft op
(Lag: Av=0.23s, max=0.7s)} 1-0

[Event "Dutch Internet Championship Final"]
[Site "playchess.com #038132"]
[Date "2011.06.18"]
[Round "1.1"]
[White "Ivan Sokolov"]
[Black "MIGUOELA"]
[Result "1-0"]
[ECO "E51"]
[WhiteElo "2167"]
[BlackElo "2365"]
[PlyCount "67"]
[EventDate "2011.06.18"]
[EventType "match (blitz)"]
[TimeControl "180+3"]

1. d4 Nf6 2. c4 e6 3. Nc3 Bb4 4. e3 d5 5. a3 Be7 6. Nf3 O-O 7. b4 c6 8. Bd3 Nbd7 9. O-O b6 10. Qc2 dxc4 11. Bxc4 c5 12. dxc5 bxc5 13. b5 Bb7 14. Rd1 Qc7 15. e4 Nb6 16. Be2 Rfd8 17. Bg5 Rxd1+ 18. Rxd1 Rd8 19. Rxd8+ Qxd8 20. a4 h6 21. Bh4 Nbd7 22. Nd2 Ne5 23. Bg3 Ng6 24. h3 Qd4 25. Qd3 h5 26. Bb8 Ne5 27. Qxd4 cxd4 28. Bxe5 dxc3 29. Bxc3 Nxe4 30. Nxe4 Bxe4 31. Bd4 Bc2 32. a5 Bd8 33. a6 Bd1 34. Bxd1 {[%emt 0:00:04] MIGUOELA geeft
op  (Lag: Av=0.28s, max=0.6s)} 1-0

[Event "Dutch Internet Championship Final"]
[Site "playchess.com #038132"]
[Date "2011.06.18"]
[Round "1.1"]
[White "Erikerik"]
[Black "Time To Pretend"]
[Result "1-0"]
[ECO "B50"]
[WhiteElo "2627"]
[BlackElo "2519"]
[PlyCount "99"]
[EventDate "2011.06.18"]
[EventType "match (blitz)"]
[TimeControl "180+3"]

1. e4 c5 2. Nf3 d6 3. c3 Nf6 4. Be2 Nbd7 5. d3 g6 6. O-O Bg7 7. Nbd2 O-O 8.
Re1 b6 9. d4 Bb7 10. Bf1 e5 11. d5 h6 12. a4 a6 13. Nc4 Qc7 14. Rb1 Rfb8 15.
b4 b5 16. axb5 axb5 17. Na3 Ba6 18. g3 c4 19. Bh3 Bc8 20. Ra1 Ra7 21. Be3 Ra6 22. Nd2 Qb7 23. Qf3 Rba8 24. Ndb1 g5 25. Bf5 Nf8 26. h3 Bxf5 27. Qxf5 Qd7 28. Qxd7 N8xd7 29. f3 Nh5 30. Kg2 Kh7 31. Ra2 Kg6 32. Bc1 Nhf6 33. Rae2 Rb8 34. g4 h5 35. Nd2 Rab6 36. Nf1 hxg4 37. hxg4 Rh8 38. Ng3 Ng8 39. Nf5 Bf8 40. Be3 Rb7 41. Ra2 Nh6 42. Rh1 Bg7 43. Nxd6 Rbb8 44. Naxb5 Rhd8 45. Ra6 f6 46. Nc7 Nf7 47. Nxf7 Kxf7 48. Ne6 Rg8 49. Ra7 Ke8 50. Rh7 {
[%emt 0:00:02] Time To Pretend resigns  (Lag: Av=0.22s, max=0.9s)} 1-0

[Event "Dutch Internet Championship Final"]
[Site "playchess.com #038132"]
[Date "2011.06.18"]
[Round "1.1"]
[White "Daanbrandenburg"]
[Black "Enschede"]
[Result "1-0"]
[ECO "B22"]
[WhiteElo "2691"]
[BlackElo "2480"]
[PlyCount "151"]
[EventDate "2011.06.18"]
[EventType "match (blitz)"]
[TimeControl "180+3"]

1. e4 c5 2. c3 Nf6 3. e5 Nd5 4. Nf3 g6 5. d4 cxd4 6. Qxd4 Nc7 7. Qh4 Nc6 8.
Bh6 Bxh6 9. Qxh6 Ne6 10. Bc4 Qc7 11. Bxe6 dxe6 12. Qg7 Rf8 13.
O-O Bd7 14. Re1 O-O-O 15. Nbd2 h6 16. Qxh6 Rh8 17. Qe3 Rh5 18. Nf1 Rdh8 19. Ng3 R5h6 20. h3 Qb6 21. Qxb6 axb6 22. Ng5 Rf8 23.
Rad1 Nb8 24. b3 Bc6 25. Rd4 Nd7 26. Rf4 f6 27. Nxe6 Re8 28. exf6 exf6 29. Re3 f5 30. Nd4 Rxe3 31. fxe3 Bd5 32. c4 Bg8 33. e4 fxe4 34. Nxe4 Rh7 35. Nb5 Re7 36. Nf6 Be6 37. Nxd7 Kxd7 38. Rd4+ Kc8 39. Re4 Kd7 40. Nd4 Bf7 41. Rxe7+ Kxe7 42. Kf2 Kd6 43. Ke3 Kc5 44. Nc2 g5 45. Kd3 b5 46. b4+ Kd6 47. c5+ Ke5 48. a3 Kf4 49. Ne3 Ke5 50.
g3 Bg6+ 51. Kd2 Ke4 52. h4 gxh4 53. gxh4 Kf4 54. Nd5+ Kg4 55.
Nc7 Kxh4 56. Nxb5 Bf7 57. Nd6 Bd5 58. Ke3 Kg5 59. Kd4 Bh1 60.
Ke5 Bf3 61. b5 Kg6 62. Ke6 Bg4+ 63. Ke7 Bf3 64. Kd7 Kf6 65. Kc7 Ke5 66. Nxb7 Kd4 67. c6 Kc4 68. Nd6+ Kc5 69. b6 Bxc6 70. a4 Bh1 71. b7 Bxb7 72.
Nxb7+ Kb4 73. a5 Kb5 74. Kb8 Ka6 75. Ka8 Kb5 76. Ka7 {[%emt 0:00:01] Enschede geeft op  (Lag: Av=0.
19s, max=0.6s)} 1-0

[Event "Dutch Internet Championship Final"]
[Site "playchess.com #038132"]
[Date "2011.06.18"]
[Round "1.1"]
[White "Jack Snipe"]
[Black "Rossetis"]
[Result "1/2-1/2"]
[ECO "C61"]
[WhiteElo "2456"]
[BlackElo "2476"]
[PlyCount "118"]
[EventDate "2011.06.18"]
[EventType "match (blitz)"]
[TimeControl "180+3"]

1. e4 e5 2. Nf3 Nc6 3. Bb5 Nd4 4. Nxd4 exd4 5. O-O c6 6. Bc4 d5 7. exd5 cxd5 8. Bb5+ Bd7 9. Re1+ Ne7 10. Bxd7+ Qxd7 11. d3 O-O-O 12. c3 Nc6 13. cxd4 Nxd4 14. Nc3 Kb8 15. Bf4+ Ka8 16. Rc1 Ne6 17. Bg3 Bc5 18. Qa4 Qxa4 19. Nxa4 Bd4 20. Be5 Rhe8 21. Nc3 Bxe5 22. Rxe5 Nf4 23. Rxe8 Rxe8 24. Rd1 Kb8 25. g3 Ne2+ 26. Kf1 Nxc3 27. bxc3 Kc7 28. Rb1 Re6 29. Rb5 Rc6 30. Rb3 a5 31. Ke2 a4 32. Rb4 Rxc3 33. Rxa4 Rc2+ 34. Ke3 Kd6 35. Rb4 Kc6 36. a4 b6 37. Rf4 f6 38. h4 Ra2 39. h5 Kd6 40. h6 gxh6 41. Rxf6+ Kc7 42. Kd4 Rxa4+ 43. Kxd5 Ra5+ 44. Kc4 Rh5 45. d4 Kb7 46. Rf7+ Kc6 47. Rxh7 b5+ 48.
Kd3 Kd5 49. g4 Rh3+ 50. Ke2 Kxd4 51. g5 Ke5 52. Rxh6 Rxh6 53. gxh6 Kf6 54. Kd3 Kg6 55. Kc3 Kxh6 56. Kb4 Kg5 57. Kxb5 Kf4 58. Kc4 Kf3 59. Kd4 Kxf2 {[%emt 0:00:
01] (Lag: Av=0.19s, max=0.7s)} 1/2-1/2

[Event "Dutch Internet Championship Final"]
[Site "playchess.com #038132"]
[Date "2011.06.18"]
[Round "1.1"]
[White "Reinderman"]
[Black "Zgorl"]
[Result "1/2-1/2"]
[ECO "B10"]
[WhiteElo "2512"]
[BlackElo "2440"]
[PlyCount "93"]
[EventDate "2011.06.18"]
[EventType "match (blitz)"]
[TimeControl "180+3"]

1. c4 c6 2. e4 d5 3. exd5 cxd5 4. cxd5 Nf6 5. Nc3 g6 6. Bc4 Bg7 7. Nge2 O-O 8.
O-O Na6 9. d3 Nc7 10. Nf4 b6 11. a4 Bb7 12. Qb3 Rb8 13. Re1 Ba8 14. Bd2 a6 15. d4 b5 16. axb5 axb5 17. Bf1 b4 18. Na4 Ncxd5 19. Rad1 Nxf4 20. Bxf4 Bd5 21. Qe3 Ra8 22. Nc5 e6 23. h3 Qb6 24. Bh6 Bxh6 25.
Qxh6 Rfd8 26. Qf4 Nd7 27. Nd3 Qb8 28. Qh6 Bc4 29. h4 Ra5 30.
Qe3 Bxd3 31. Bxd3 Nb6 32. Be4 Nd5 33. Qf3 Ra2 34. Re2 h5 35.
g3 Kg7 36. Bd3 Nf6 37. Bc4 Ra7 38. Qb3 Rad7 39. Red2 Qb6 40. Qe3 Ng4 41. Qe4 Nf6 42. Qe5 Qd6 43. Qe3 Ng4 44. Qe2 Nf6 45. Qe3 Ng4 46. Qe2 Nf6 47. Qe3 {[%emt 0:00:01] (Lag: Av=0.34s, max=6.1s)} 1/2-1/2

[Event "Dutch Internet Championship Final"]
[Site "playchess.com #038132"]
[Date "2011.06.18"]
[Round "1.1"]
[White "Kemps"]
[Black "Christov"]
[Result "1/2-1/2"]
[ECO "E67"]
[WhiteElo "2400"]
[BlackElo "2472"]
[PlyCount "111"]
[EventDate "2011.06.18"]
[EventType "match (blitz)"]
[TimeControl "180+3"]

1. Nf3 Nf6 2. g3 g6 3. Bg2 Bg7 4. O-O O-O 5. d4 d6 6. c4 Nbd7 7. Nc3 e5 8.
Qc2 Re8 9. dxe5 dxe5 10. Rd1 c6 11. Ng5 Qc7 12. Nge4 Nxe4 13. Nxe4 Nf8 14. Nd6 Rd8 15. Nxc8 Raxc8 16. Bg5 Rxd1+ 17. Rxd1 Ne6 18. Bc1 Nd4 19. Qd2 Rd8 20. Kf1 Bf8 21. e3 Ne6 22. Qc2 Rxd1+ 23. Qxd1 Qa5 24. a3 Qa6 25. b3 Bxa3 26. Bd2 Qb6 27. Bc3 Qc7 28. Bh3 Ng5 29. Bg2 Bd6 30. b4 Qe7 31. c5 Bc7 32. h4 Ne6 33. h5 a5 34. bxa5 Qxc5 35.
Qa1 gxh5 36. Kg1 Ng5 37. Qb2 Bxa5 38. Bxe5 Ne6 39. Bf6 b5 40. Qa2 b4 41. Bxc6 b3 42. Qa4 Bc3 43. Bxc3 Qxc3 44. Be4 Nc5 45. Qe8+ Kg7 46. Bf5 b2 47. Qb5 Ne6 48. Kg2 Qf6 49. Bb1 h4 50. Qh5 hxg3 51. Qxh7+ Kf8 52. Kxg3 Ng5 53. Qf5 Qd6+ 54. f4 Ne6 55. Qc2 Qb6 {[%emt 0:00:02] Kemps offers a draw} 56. Kf3 {[%emt 0:00:03] (Lag:
Av=0.35s, max=2.9s)} 1/2-1/2

[Event "Dutch Internet Championship Final"]
[Site "playchess.com #038132"]
[Date "2011.06.18"]
[Round "1.1"]
[White "Snorrebaard"]
[Black "kingloek"]
[Result "0-1"]
[ECO "B81"]
[WhiteElo "1855"]
[BlackElo "2907"]
[PlyCount "46"]
[EventDate "2011.06.18"]
[EventType "match (blitz)"]
[TimeControl "180+3"]

1. e4 c5 2. Nf3 e6 3. d4 cxd4 4. Nxd4 Nf6 5. Nc3 d6 6. g4 h6 7. h4 Nc6 8.
Rg1 h5 9. g5 Ng4 10. Be2 Qb6 11. Bxg4 hxg4 12. Nxc6 bxc6 13. g6 f6 14. Qxg4 d5 15. Qg3 d4 16. Ne2 Ba6
{[%emt 0:00:29] '} 17. Qb3 c5 18. Rh1 Qc6 19. f3 e5 20.
Qf7+ Kd8 21. Bd2 Qd7 22. Ba5+ Kc8 23. Qb3 c4 {[%emt 0:00:10] Time  (Lag: Av=0.49s, max=3.4s) .} 0-1

[Event "Dutch Internet Championship Final"]
[Site "playchess.com #038132"]
[Date "2011.06.18"]
[Round "1.1"]
[White "Bolwerk"]
[Black "Jan Smeets"]
[Result "0-1"]
[ECO "B80"]
[WhiteElo "2280"]
[BlackElo "2845"]
[PlyCount "62"]
[EventDate "2011.06.18"]
[EventType "match (blitz)"]
[TimeControl "180+3"]

1. e4 e6 2. d4 c5 3. Nf3 cxd4 4. Nxd4 Nf6 5. Nc3 d6 6. g3 a6 7. a4 Bd7 8.
Bg2 Nc6 9. Nb3 b6 10. O-O Be7 11. f4 O-O 12. g4 Be8 13. g5 Nd7 14. Qh5 Rc8 15. Rf3 f5 16. Qh4 Bg6 17. Rh3 Nb4 18. Nd4 Nc5 19. exf5 Rxf5 20. Nxf5 Bxf5 21. Rf3 Nxc2 22. Ra2 Nb3 23. Be3 Nxe3 24. Rxe3 d5 25.
Ne2 Bc5 26. Qg3 d4 27. Rd3 Na5 28. b3 Nxb3 29. Rxb3 d3+ 30. Kh1 d2 31. Nc3 d1=Q+ {[%emt 0:00:
01] Bolwerk geeft op  (Lag: Av=0.48s, max=0.8s)} 0-1

[Event "Dutch Internet Championship Final"]
[Site "playchess.com #038132"]
[Date "2011.06.18"]
[Round "1.1"]
[White "Zgorl"]
[Black "Reinderman"]
[Result "1-0"]
[ECO "C02"]
[WhiteElo "2443"]
[BlackElo "2509"]
[PlyCount "53"]
[EventDate "2011.06.18"]
[EventType "match (blitz)"]
[TimeControl "180+3"]

1. e4 e6 2. d4 d5 3. e5 c5 4. c3 Nc6 5. Nf3 Nh6 6. Bd3 f6 7. O-O Nf7 8. Re1 Be7 9. exf6 gxf6 10. Nbd2 e5 11. dxe5 fxe5 12. Nxe5 Ncxe5 13. Rxe5 Nxe5 14. Qh5+ Nf7 {[%emt 0:
00:01] Zgorl reconnected.} 15. Nf3 Qd6 16. g3 Be6 17. Bf4 Qb6 18. Re1 c4 19. Bc2 Kf8 20. Nd4 Bd7 21. Bf5 Bxf5 22. Nxf5 Re8 23. Qf3 Bg5 24. Bd6+ Nxd6 25. Nxd6+ Kg7 26. Qf7+ Kh6 27. Nf5# {[%emt 0:00:04] (Lag: Av=0.73s,
max=3.8s)} 1-0

[Event "Dutch Internet Championship Final"]
[Site "playchess.com #038132"]
[Date "2011.06.18"]
[Round "1.1"]
[White "Time To Pretend"]
[Black "Erikerik"]
[Result "0-1"]
[ECO "D20"]
[WhiteElo "2508"]
[BlackElo "2639"]
[PlyCount "68"]
[EventDate "2011.06.18"]
[EventType "match (blitz)"]
[TimeControl "180+3"]

1. d4 d5 2. c4 dxc4 3. e4 Nf6 4. e5 Nd5 5. Bxc4 Nb6 6. Bb3 Nc6 7. Be3 Bf5 8. Nc3 e6 9. Nge2 Qd7 10. a3 O-O-O 11. O-O h5 12. Ng3 Bg6 13.
Nge4 Kb8 14. Rc1 Nxd4 15. Bxd4 Qxd4 16. Qf3 Qxe5 17. Rfe1 Be7 18. a4 Rd4 19. Nc5 Qxc5 20. Nb5 Qb4 21. Nxd4 Qxd4 22. a5 Nc8 23. a6 bxa6 24. Bc4 Qb6 25. Re3 a5 26. g3 h4 27. Bf1 h3 28.
Rec3 Bd6 29. Rb3 Bb4 30. Rc6 Qd4 31. Qe2 Nb6 32. Rf3 Qe4 33. Qb5 Qxf3 34. Be2 Qg2# {[%emt 0:
00:02] (Lag: Av=0.24s, max=0.5s)} 0-1

[Event "Dutch Internet Championship Final"]
[Site "playchess.com #038132"]
[Date "2011.06.18"]
[Round "1.2"]
[White "Kemps"]
[Black "Christov"]
[Result "1/2-1/2"]
[ECO "B67"]
[WhiteElo "2389"]
[BlackElo "2482"]
[PlyCount "96"]
[EventDate "2011.06.18"]
[EventType "match (blitz)"]
[TimeControl "180+3"]

1. e4 c5 2. Nf3 d6 3. d4 cxd4 4. Nxd4 Nf6 5. Nc3 a6 6. Bg5 e6 7. f4 Qc7 8.
Bxf6 gxf6 9. Qd2 Nc6 10. O-O-O Bd7 11. Kb1 h5 12. Bc4 Nxd4 13.
Qxd4 Be7 14. Bb3 b5 15. Rhf1 Rc8 16. f5 Qc5 17. Qd3 b4 18. Ne2 a5 19. fxe6 fxe6 20. Nf4 Bb5 21. Qg3 Qg5 22. Rf3 Qxg3 23. Rxg3 e5 24. Ne6 a4 25. Bd5 Bc4 26. Ng7+ Kd7 27. Nf5 Bxd5 28. Rxd5 Rcg8 29. Ra5 Bd8 30. Rxa4 h4 31. Nxh4 Rxg3 32. hxg3 f5 33. exf5 Bxh4 34. gxh4 Rxh4 35. a3 Rh1+ 36. Ka2 bxa3 37. Rxa3 e4 38. Re3 d5 39. Kb3 Rf1 40.
Kc3 Kd6 41. Kd2 Ke5 42. c3 Rf2+ 43. Re2 Rxf5 44. Ke3 Rg5 45. Kd2 d4 {[%emt 0:00:12] Christov doet een remise aanbod} 46. cxd4+ Kxd4 47. Ke1 e3 48. Rc2 Kd3 {[%emt 0:00:01] Kemps offers a draw  (Lag:
Av=0.25s, max=0.6s)} 1/2-1/2

[Event "Dutch Internet Championship Final"]
[Site "playchess.com #038132"]
[Date "2011.06.18"]
[Round "1.2"]
[White "Jack Snipe"]
[Black "Rossetis"]
[Result "0-1"]
[ECO "C54"]
[WhiteElo "2458"]
[BlackElo "2474"]
[PlyCount "80"]
[EventDate "2011.06.18"]
[EventType "match (blitz)"]
[TimeControl "180+3"]

1. e4 e5 2. Nf3 Nc6 3. Bc4 Bc5 4. O-O Nf6 5. d3 O-O 6. c3 a6 7. Bb3 Ba7 8.
Nbd2 h6 9. Nc4 d6 10. Ne3 Be6 11. Bc2 d5 12. Qe2 Re8 13. Rd1 d4 14. Nf1 Qe7 15. Ng3 Rad8 16. h3 Nh7 17. Bd2 b5 18. a4 dxc3 19. axb5 cxb2 20. Rxa6 Nd4 21. Nxd4 Bxd4 22. Nf5 Bxf5 23. exf5 Qc5 24. Rc6 Qxb5 25. Rxc7 Rc8 26. Rxc8 Rxc8 27. Bb1 Nf6 28. g4 Nd5 29. Qf3 Nc3 30.
Bxc3 Rxc3 31. f6 Rc1 32. Kg2 gxf6 33. Rf1 Kg7 34. Qe2 Qd5+ 35.
Qe4 Qc5 36. Qe2 Qb6 37. Qd2 Qc6+ 38. f3 Rxf1 39. Kxf1 Qc1+ 40. Ke2 Qxb1 {[%emt 0:00:01] Jack Snipe geeft op  (Lag: Av=0.18s,
max=0.6s)} 0-1

[Event "Dutch Internet Championship Final"]
[Site "playchess.com #038132"]
[Date "2011.06.18"]
[Round "1.2"]
[White "Daanbrandenburg"]
[Black "Enschede"]
[Result "1-0"]
[ECO "B22"]
[WhiteElo "2689"]
[BlackElo "2482"]
[PlyCount "61"]
[EventDate "2011.06.18"]
[EventType "match (blitz)"]
[TimeControl "180+3"]

1. e4 c5 2. c3 Nf6 3. e5 Nd5 4. Nf3 g6 5. d4 cxd4 6. Qxd4 Nc7 7. Qh4 Nc6 8.
Bh6 Bxh6 9. Qxh6 d5 10. Nbd2 Bf5 11. Be2 Qd7 12. O-O O-O-O 13.
Rfe1 Ne6 14. Nb3 Qc7 15. Bb5 Be4 16. Bxc6 bxc6 17. Ng5 Nxg5 18.
Qxg5 c5 19. Qe3 c4 20. Nc5 Qxe5 21. f3 f5 22. fxe4 dxe4 23. Rad1 Rd6 24. Rxd6 exd6 25. Na6 Kb7 26. Nb4 Re8 27. Rd1 f4 28. Qd4 e3 29. Qxc4 e2 30. Qc6+ Kb8 31. Na6# {[%emt 0:00:00] 
(Lag: Av=0.19s, max=0.5s)} 1-0

[Event "Dutch Internet Championship Final"]
[Site "playchess.com #038132"]
[Date "2011.06.18"]
[Round "1.2"]
[White "Reinderman"]
[Black "Zgorl"]
[Result "1/2-1/2"]
[ECO "A29"]
[WhiteElo "2489"]
[BlackElo "2463"]
[PlyCount "87"]
[EventDate "2011.06.18"]
[EventType "match (blitz)"]
[TimeControl "180+3"]

1. c4 e5 2. g3 Nf6 3. Bg2 Nc6 4. Nc3 Bb4 5. Nd5 O-O 6. Nf3 a5 7. O-O Re8 8. d3 h6 9. e3 Bf8 10. d4 exd4 11. Nxf6+ Qxf6 12. exd4 d6 13. h3 Bf5 14. Be3 a4 15. Qd2 Be4 16. Ne1 Bxg2 17. Kxg2 g6 18. Nf3 Bg7 19. Rad1 Kh7 20. Nh2 h5 21. Nf3 Kg8 22. Rfe1 Qf5 23. Bf4 Qa5 24. d5 Qxd2 25. Bxd2 Nd4 26. Bc1 Nxf3 27. Kxf3 Kf8 28. Re2 Rxe2 29. Kxe2 Ke7 30. Kd3 Kd7 31. Re1 Bf6 32. Re4 c6 33. dxc6+ bxc6 34. Kc2 c5 35. Rf4 Ke6 36. Bd2 Rb8 37. Bc3 Bxc3 38. Kxc3 f5 39. Rf3 h4 40.
Re3+ Kf6 41. Rd3 Ke6 42. Re3+ Kf6 43. Rd3 Ke6 44. Re3+ {[%emt 0:00:01] (Lag: Av=0.92s, max=12.0s)}
1/2-1/2

[Event "Dutch Internet Championship Final"]
[Site "playchess.com #038132"]
[Date "2011.06.18"]
[Round "1.2"]
[White "kingloek"]
[Black "Snorrebaard"]
[Result "1-0"]
[ECO "E97"]
[WhiteElo "2907"]
[BlackElo "1855"]
[PlyCount "75"]
[EventDate "2011.06.18"]
[EventType "match (blitz)"]
[TimeControl "180+3"]

1. d4 d6 2. Nf3 g6 3. c4 Bg7 4. e4 Nf6 5. Nc3 O-O 6. Be2 e5 7. O-O Nc6 8. d5 Ne7 9. b4 Nd7 10. a4 f5 11. Ng5 Nf6 12. f3 f4 13. b5 h6 14. Ne6 Bxe6 15.
dxe6 g5 16. Ba3 b6 17. Nd5 Kh8 18. a5 g4 19. Bb4 g3 20. h3 c6 21. Nxe7 Qxe7 22. Bxd6 Qxe6 23. Bxf8 Bxf8 24. Kh1 bxa5 25. Rxa5 Nh7 26. Ra6 Ng5 27. Rxc6 Qf7 28. Qd5 Qh5 29. Qxe5+ Bg7 30. Qf5 Rf8 31. Qg4 Qf7 32. e5 Bxe5 33. Bd3 Bg7 34. h4 {[%emt 0:00:14] .} Rd8 35. hxg5 Rxd3 36. gxh6 Bf6 37. Qf5 Rd8 38. Rxf6 {[%emt 0:00:03]
Snorrebaard resigns  (Lag: Av=0.51s, max=2.1s)} 1-0

[Event "Dutch Internet Championship Final"]
[Site "playchess.com #038132"]
[Date "2011.06.18"]
[Round "1.1"]
[White "Christov"]
[Black "Kemps"]
[Result "1-0"]
[ECO "B82"]
[WhiteElo "2469"]
[BlackElo "2403"]
[PlyCount "129"]
[EventDate "2011.06.18"]
[EventType "match (blitz)"]
[TimeControl "180+3"]

1. e4 c5 2. Nf3 e6 3. Nc3 a6 4. d4 cxd4 5. Nxd4 Qc7 6. Bd3 Nf6 7. Qe2 d6 8. f4 Be7 9. O-O Nbd7 10. Kh1 b5 11. a4 b4 12. Na2 d5 13. e5 Ne4 14. Bxe4 dxe4 15. Be3 Rb8 16. c3 b3 17. Nc1 Nc5 18. Qc4 Bb7 19. Qe2 Bd5 20.
a5 g6 21. c4 Ba8 22. Ra3 O-O 23. Ncxb3 Nd3 24. Ra2 Qxc4 25. Rc1 Qd5 26. Rc3 Bb4 27. Rc7 Rfc8 28. Rxc8+ Rxc8 29. Ra1 Be7 30. h3 Rb8 31. Qc2 Bh4 32. Kh2 Bb7 33. Rd1 Rc8 34. Qe2 Be7 35. Qd2 Bb4 36. Qe2 Bf8 37. Qd2 Rc4 38. Qe2 Rb4 39. Qc2 Rc4 40. Qe2 h5 41. Qd2 Rc8 42.
Qe2 Bh6 43. Rf1 h4 44. Qg4 Nxb2 45. Qxh4 Bg7 46. Rb1 Nc4 47. Bg1 e3 48. Qg3 Nd2 49. Nxd2 exd2 50. Rd1 Bh6 51. Nf3 Qe4 52. Ng5 Qe2 53. Qg4 Qxg4 54. hxg4 Rc2 55. Be3 Bxg5 56. fxg5 Rc4 57. Rxd2 Rxg4 58. g3 Bd5 59. Bf4 Kf8 60. Rf2 Be4 61. Rb2 Kg7 62. Rb6 Bd3 63. Kg2 Be4+ 64. Kf2 Bc2 65. Rxa6 {[%emt 0:00:02] Kemps
resigns  (Lag: Av=0.37s, max=0.8s)} 1-0

[Event "Dutch Internet Championship Final"]
[Site "playchess.com #038132"]
[Date "2011.06.18"]
[Round "1.1"]
[White "Rossetis"]
[Black "Jack Snipe"]
[Result "1/2-1/2"]
[ECO "C65"]
[WhiteElo "2475"]
[BlackElo "2457"]
[PlyCount "123"]
[EventDate "2011.06.18"]
[EventType "match (blitz)"]
[TimeControl "180+3"]

1. e4 e5 2. Nf3 Nc6 3. Bb5 Nf6 4. Qe2 Be7 5. O-O O-O 6. c3 d6 7. d3 Bd7 8.
Re1 Re8 9. Nbd2 Bf8 10. Nf1 g6 11. a3 Bg7 12. Bc4 Qc8 13. Bg5 h6 14. Be3 Be6 15. Bxe6 Qxe6 16. Rad1 d5 17. Bc1 Rad8 18. Ng3 a6 19. h3 dxe4 20. dxe4 Qb3 21. Nh2 Qb5 22. Qxb5 axb5 23. Ng4 Nxg4 24. hxg4 Na5 25. Nf1 Bf8 26. Ne3 c6 27. Kf1 Nb3 28. Ke2 Be7 29. Nf1 Bg5 30. Bxg5 hxg5 31. f3 Nc5 32. Rd2 Rxd2+ 33. Kxd2 Rd8+ 34. Kc2 Kg7 35. Ne3 Kf6 36. Rd1 Rxd1 37. Nxd1 Ke7 38. Ne3 Ne6 39. c4 bxc4 40. Nxc4 f6 41. Na5 Nd4+ 42. Kd3 b6 43. Nc4 b5 44. Ne3 Kd6 45. Nc2 Ne6 46. Ne3 Nf4+ 47. Kc3 Ne2+ 48. Kd3 Nf4+ 49. Kc3 {[%emt 0:00:01] Jack Snipe doet
een remise aanbod} Ne2+ 50. Kd2 Nd4 51. Kd3 Ne6 52. b3 Nd4 53. Kc3 Ne2+ 54. Kb4 Nd4 55. a4 Kc7 56. axb5 Nxb5 57. Kc5 Nd4 58. b4 Ne6+ 59. Kc4 Kd6 60. Kd3 Nf4+ 61. Kc4 {[%emt 0:00:02] Rossetis doet een remise aanbod} Ne6 62. Kd3 {[%emt 0:00:01] (Lag: Av=0.22s, max=0.5s)} 1/2-1/2

[Event "Dutch Internet Championship Final"]
[Site "playchess.com #038132"]
[Date "2011.06.18"]
[Round "1.1"]
[White "Enschede"]
[Black "Daanbrandenburg"]
[Result "1/2-1/2"]
[ECO "B66"]
[WhiteElo "2472"]
[BlackElo "2699"]
[PlyCount "86"]
[EventDate "2011.06.18"]
[EventType "match (blitz)"]
[TimeControl "180+3"]

1. e4 c5 2. Nf3 d6 3. d4 cxd4 4. Nxd4 Nf6 5. Nc3 Nc6 6. Bg5 e6 7. Qd2 a6 8. O-O-O Bd7 9. f3 Be7 10. Be3 b5 11. g4 h6 12. Nxc6 Bxc6 13.
Ne2 Rc8 14. Nd4 Bb7 15. Rg1 g5 16. Kb1 Qc7 17. h4 Rg8 18. hxg5 hxg5 19. Bd3 d5 20. exd5 Nxd5 21. Bf2 Nf4 22. Rge1 Rd8 23. Qc1 Bc5 24. Be4 Bd5 25. c3 Rh8 26. Bxd5 Rxd5 27. Rh1 Rxh1 28. Rxh1 Qe5 29. Nc6 Qf6 30. Bxc5 Rxc5 31. Nd4 Rd5 32. a3 Kd7 33. Rd1 Qe5 34. Qc2 {[%emt 0:00:08] .} Qd6 35. Re1 Kc7 36. Qb3 Kb6 37. Rc1 Qc5 38. a4 Qc4 39. a5+ Kc7 40. Qa3 Qc5 41. Qb3 Qc4 42. Qa3 Qc5 43. Qb3 Qc4 {[%emt 0:00:12] (Lag: Av=0.38s, max=1.5s)} 1/2-1/2

[Event "Dutch Internet Championship Final"]
[Site "playchess.com #038132"]
[Date "2011.06.18"]
[Round "2.4"]
[White "Jan Smeets"]
[Black "Daanbrandenburg"]
[Result "0-1"]
[ECO "C02"]
[WhiteElo "2813"]
[BlackElo "2730"]
[PlyCount "52"]
[EventDate "2011.06.18"]
[EventType "match (blitz)"]
[TimeControl "180+3"]

1. e4 e6 2. d4 d5 3. e5 c5 4. c3 Nc6 5. Nf3 Qb6 6. a3 Nh6 7. b4 cxd4 8. cxd4 Nf5 9. Be3 Bd7 10. Nc3 Rc8 11. Na4 Qd8 12. Bd3 Nxe3 13. fxe3 Be7 14. O-O O-O 15. e4 Nxd4 16. Nxd4 Bxa4 17. Qxa4 dxe4 18. Nxe6 fxe6 19. Be2 Qd4+ 20. Kh1 Qxe5 21. Qxa7 Bd6 22. g3 Rc2 23. Qe3 Rf3 24. Bxf3 Rxh2+ 25. Kxh2 Qxg3+ 26. Kh1 Qh2# {[%emt 0:00:01] (Lag: Av=0.20s, max=0.4s)} 0-1